 Dungeon Crawl Stone Soup version 0.29-a0-275-g389c0b56f3 (webtiles) character file.

Game seed: 5119942105359457345

34615 dolemite99 the Bludgeoner (level 13, -6/109 HPs)
             Began as a Deep Dwarf Fighter on Mar 12, 2022.
             Was a Believer of Elyvilon.
             Mangled by a yak (10 damage)
             ... on level 12 of the Dungeon.
             The game lasted 00:42:15 (22006 turns).

dolemite99 the Bludgeoner (Deep Dwarf Fighter)     Turns: 22006, Time: 00:42:15

Health: -6/109     AC: 22    Str: 23    XL:     13   Next: 43%
Magic:  18/18 (0)  EV:  5    Int: 13    God:    Elyvilon [**....]
Gold:   458        SH:  8    Dex: 12    Spells: 18/22 levels left

rFire   + . .      SeeInvis .   a - +8 broad axe
rCold   + . .      Faith    .   d - -2 kite shield "Tujeycet" {rC+ MP+9 Int+4}
rNeg    . . .      Spirit   .   E - +0 plate armour
rPois   .          Reflect  .   o - +2 helmet of Music {Fly rElec MP+9 Dex-2}
rElec   +          Harm     .   B - +0 cloak
rCorr   .          Rampage  .   F - +0 pair of gloves
Will    +....                   (no boots)
Stlth   ..........              G - amulet of magic regeneration
HPRegen 0.00/turn               c - +4 ring of protection {=R}
MPRegen 0.56/turn               w - ring of protection from fire

@: flying
A: damage resistance, heal wounds, sense surroundings 2, no regeneration
a: Heal Wounds, Renounce Religion, Purification, Heal Other


You were on level 12 of the Dungeon.
You worshipped Elyvilon.
Elyvilon was pleased with you.
You visited 3 branches of the dungeon, and saw 17 of its levels.

You collected 1099 gold pieces.
You spent 641 gold pieces at shops.

Inventory:

Hand Weapons
 a - a +8 broad axe (weapon)
 n - a +1 vorpal trident
 u - a +2 demon whip of venom
 x - a +0 war axe
 y - a +1 short sword of flaming
 C - a +5 mace of protection
 I - a +4 flail of electrocution
Missiles
 g - 5 poisoned darts
 j - 322 stones
 q - 3 atropa-tipped darts
 t - 4 throwing nets
 v - 4 boomerangs (quivered)
 H - 3 javelins
 J - 6 silver javelins
Armour
 d - the -2 kite shield "Tujeycet" (worn) {rC+ MP+9 Int+4}
   (You acquired it on level 3 of the Dungeon)

   Int:       It affects your intelligence (+4).
   rC:        It protects you from cold.
   MP:        It affects your magic capacity (+9).
 o - the +2 helmet of Music (worn) {Fly rElec MP+9 Dex-2}
   (You acquired it on level 1 of the Lair of Beasts)

   Dex:       It affects your dexterity (-2).
   rElec:     It insulates you from electricity.
   MP:        It affects your magic capacity (+9).
   Fly:       It grants you flight.
 B - a +0 cloak (worn)
 E - a +0 plate armour (worn)
 F - a +0 pair of gloves (worn)
Magical Staves
 h - a staff of poison
 A - a staff of air
 M - a staff of fire
Jewellery
 c - a +4 ring of protection (left hand) {=R}
 r - a +6 ring of intelligence
 w - a ring of protection from fire (right hand)
 G - an amulet of magic regeneration (around neck)
 L - a ring of resist corrosion
Wands
 z - a wand of polymorph (18)
 O - a wand of charming (5)
 P - a wand of paralysis (10)
Scrolls
 b - a scroll of silence
 e - 2 scrolls of blinking
 f - 6 scrolls of fog
 l - 6 scrolls of magic mapping
 m - a scroll of immolation
 s - a scroll of teleportation
 D - 2 scrolls of holy word
 N - 6 scrolls of vulnerability
 Q - a scroll of identify {@r1}
Potions
 i - 7 potions of curing
 k - 2 potions of magic
 p - 3 potions of resistance
 K - a potion of cancellation


   Skills:
 - Level 5.1 Fighting
 + Level 8.7(13.7) Axes
 - Level 15.3(16.0) Maces & Flails
 - Level 3.0 Throwing
 - Level 6.2 Armour
 - Level 8.3 Shields
 - Level 5.3 Spellcasting
 - Level 3.1 Earth Magic
 - Level 10.0 Invocations
 - Level 7.7 Evocations


You had 18 spell levels left.
You knew the following spells:

 Your Spells              Type           Power      Damage    Failure   Level
a - Animate Armour        Summ/Erth      14%        N/A       100%        4

Your spell library contained the following spells:

 Spells                   Type           Power      Damage    Failure   Level
 Apportation              Tloc           6%         N/A       100%        1
 Leda's Liquefaction      Hex/Erth       3%         N/A       100%        4
 Alistair's Intoxication  Tmut/Pois      2%         N/A       100%        5
 Blade Hands              Tmut           1%         N/A       100%        5
 Borgnjor's Vile Clutch   Necr/Erth      3%         N/A       100%        5
 Lee's Rapid Deconstruct  Erth           5%         3d7*      100%        5
 Silence                  Hex/Air        1%         N/A       100%        5
 Iron Shot                Conj/Erth      3%         9d2       100%        6
 Statue Form              Tmut/Erth      4%         N/A       100%        6


Dungeon Overview and Level Annotations

Branches:
Dungeon (12/15)            Temple (1/1) D:5            Lair (4/6) D:8
  Swamp (0/4) Lair:2       Spider (0/4) Lair:4
    Orc: D:9-12

Altars:
Ashenzari
Cheibriados
Dithmenos
Elyvilon
Fedhas
Kikubaaqudgha
Nemelex Xobeh
Okawaru
Trog
Uskayaw
Vehumet
Wu Jian
Yredelemnul
Zin
The Shining One

Shops:
D:4 *   D:5 =?

Portals:
Trove: D:10 (give +9 ring of dexterity)

Annotations:
D:5 exclusion: statue


Innate Abilities, Weirdness & Mutations

You are resistant to damage.
You can heal yourself by infusing magical energy.
You passively map the area around you.
You do not regenerate.


Message History

You see here 4 large rocks.
You now have 458 gold pieces (gained 16).
Found a shiny orb.
Found a stone staircase leading down.
Found a scale mail.
D - 2 scrolls of holy word (gained 1)
z - a wand of polymorph (18) (gained 7 charges)
Found a hunting sling.
You see here a +0 hunting sling.
k - 2 potions of magic (gained 1)
l - 6 scrolls of magic mapping (gained 1)
Q - a scroll of identify {@r1}
Found a scale mail.
P - a wand of paralysis (10) (gained 5 charges)
Okay, then.
You see here a +0 scale mail.
Found 11 stones.
The yak bellows!
You hear a bellow!
You hear a howl!
There are monsters nearby!
The yak bellows!
You don't have enough innate magic capacity.
There is a stone staircase leading up, spattered with blood here.
You block the yak's attack.
You barely miss the yak. The yak gores you.
* * * LOW HITPOINT WARNING * * *
You slash the yak!
The yak is moderately wounded.
You slash the yak! You block the yak's attack.
You slash the yak!
The yak is heavily wounded.
You hit the yak. You slice the yak!! The yak gores you.
The yak gores you but does no damage. The yak completely misses you.
You slash the yak!
The yak is almost dead.
You hit the yak. You barely miss the yak. The yak gores you but does no damage.
You block the yak's attack. x2
You closely miss the yak.
The yak is almost dead.
You slash the yak! x2; The yak gores you but does no damage.
The yak barely misses you. The yak gores you!
You die...

#.###...........# # *
##....#####.# # ,
#...######.# #
#...[......# # #
#...######.# # #. ##.## #.
# #####.#####.#######. #
............YY...##. #
####...###YY@[..##.### # ,
##..#*######.#[...########
,* #.Y. , #.#.......... ,
, * *#...# >
#,#....######## , ,..Y.#
*###.####.# , ##.Y##*
.........# ## ** #..#
,,.........# #. #..#
,*###.###.## ###. , ,..,
#...#####...


You could see 4 yaks.

Vanquished Creatures
  A boulder beetle (D:12)
  2 hydras
  A catoblepas (Lair:4)
  Urug (D:12)
  Amaemon (Lair:3)
  A manticore (D:12)
  2 cyclopes
  A centaur zombie (D:10)
  7 elephants
  3 cane toads
  A gargoyle (D:12)
  An orange demon (Lair:3)
  A rime drake (Lair:2)
  3 komodo dragons
  2 trolls
  A hornet (D:8)
  Prince Ribbit (D:6)
  6 blink frogs
  Sigmund (D:5)
  A vampire (D:11)
  A shadow (D:9)
  2 wraiths
  47 yaks
  4 wyverns
  4 basilisks
  2 steam dragons
  5 vampire mosquitoes
  Menkaure (D:5)
  An acid dragon (D:8)
  5 water moccasins
  2 hell hounds (Lair:3)
  An orc warrior (D:8)
  5 black bears
  3 sky beasts
  5 centaurs
  8 wolves
  Blork the orc (D:5)
  6 bullfrogs
  7 scorpions
  7 necrophages
  8 wights
  2 killer bees (D:9)
  10 howler monkeys
  2 lava snakes (D:7)
  4 hounds
  2 jellies
  An orc priest (D:4)
  Terence (D:3)
  4 iguanas
  8 orc wizards
  A mummy (D:10)
  A howler monkey zombie (D:10)
  Robin (D:2)
  4 gnolls
  13 adders
  A white imp (D:6)
  2 worms (D:4)
  3 dart slugs
  34 orcs
  8 bats
  7 endoplasms
  3 giant cockroaches
  15 goblins
  7 hobgoblins
  5 jackals
  A quokka (D:5)
  4 ball pythons
  2 frilled lizards
  11 kobolds
  7 rats
327 creatures vanquished.

Vanquished Creatures (collateral kills)
  A hydra (D:11)
  A shadow (D:11)
  A gnoll sergeant (D:11)
  3 gnolls (D:11)
6 creatures vanquished.

Vanquished Creatures (others)
  A polar bear (Lair:1)
  A vampire (D:9)
  A wyvern (D:9)
  A swamp worm (Lair:2)
  A swamp drake (D:8)
  A bullfrog (D:9)
  An orc priest (D:11)
  20 fungi
  46 plants
  7 withered plants
80 creatures vanquished.

Grand Total: 413 creatures vanquished

Notes
Turn   | Place    | Note
-------+----------+-------------------------------------------
     0 | D:1      | dolemite99 the Deep Dwarf Fighter began the quest for the
                  | Orb.
     0 | D:1      | Reached XP level 1. HP: 20/20 MP: 1/1
   243 | D:1      | Reached XP level 2. HP: 24/27 MP: 2/2
   273 | D:1      | You fall into a shaft and drop 1 floor!
   539 | D:2      | Reached XP level 3. HP: 29/33 MP: 3/3
   687 | D:2      | HP: 1/33 [gnoll/+0 whip (4)]
   944 | D:2      | Reached XP level 4. HP: 39/40 MP: 4/4
   954 | D:2      | Reached skill level 5 in Axes
  1010 | D:2      | Noticed Robin
  1536 | D:2      | Killed Robin
  1806 | D:2      | Found a faded altar of an unknown god.
  2068 | D:3      | Reached XP level 5. HP: 17/46 MP: 5/5
  2759 | D:3      | Noticed Terence
  2787 | D:3      | Killed Terence
  3279 | D:4      | Reached skill level 1 in Maces & Flails
  3345 | D:3      | Reached XP level 6. HP: 40/55 MP: 5/5
  4007 | D:3      | Identified a scroll of acquirement
  4007 | D:3      | Acquired the -2 kite shield "Tujeycet" {rC+ MP+9 Int+4}
  4836 | D:4      | Found a snail-covered altar of Cheibriados.
  4962 | D:4      | Found Uxerief's General Store.
  5013 | D:4      | Reached skill level 2 in Maces & Flails
  5119 | D:4      | Bought a wand of iceblast (8) for 132 gold pieces
  5119 | D:4      | Bought a scroll of teleportation for 33 gold pieces
  5156 | D:5      | Entered Level 5 of the Dungeon
  5889 | D:5      | Reached skill level 3 in Maces & Flails
  5889 | D:5      | Reached XP level 7. HP: 35/61 MP: 5/5
  6484 | D:5      | Found a bloodstained altar of Trog.
  6487 | D:5      | Noticed Blork the orc
  6491 | D:5      | Found a staircase to the Ecumenical Temple.
  6498 | D:5      | Killed Blork the orc
  6499 | D:5      | Reached skill level 4 in Maces & Flails
  6505 | D:5      | Reached skill level 5 in Shields
  7097 | Temple   | Entered the Ecumenical Temple
  7192 | Temple   | Became a worshipper of Elyvilon the Healer
  7369 | D:5      | Found Guamoex's Magic Scroll Shoppe.
  7378 | D:5      | Bought a scroll of fear for 49 gold pieces
  7378 | D:5      | Bought a scroll of teleportation for 42 gold pieces
  7411 | D:5      | Found a blossoming altar of Fedhas.
  7426 | D:5      | Reached skill level 5 in Maces & Flails
  7431 | D:5      | Noticed Sigmund
  7456 | D:5      | Reached skill level 1 in Invocations
  7456 | D:5      | Reached skill level 1 in Evocations
  7482 | D:5      | Reached XP level 8. HP: 42/68 MP: 7/7
  7552 | D:5      | Noticed Menkaure
  7566 | D:5      | Killed Menkaure
  7585 | D:5      | Found Ixoim's One-of-a-Kind Rings.
  7616 | D:5      | Found a shadowy altar of Dithmenos.
  7710 | D:5      | Found a radiant altar of Vehumet.
  7757 | D:6      | Reached skill level 5 in Invocations
  8040 | D:6      | Reached skill level 5 in Evocations
  8061 | D:6      | Noticed Prince Ribbit
  8110 | D:6      | Killed Prince Ribbit
  8111 | D:6      | Reached skill level 6 in Maces & Flails
  8111 | D:6      | Gained mutation: You passively map the area around you.
                  | [Deep Dwarf growth]
  8111 | D:6      | Reached XP level 9. HP: 58/74 MP: 10/10
  8233 | D:6      | Reached * piety under Elyvilon
  8529 | D:7      | Found a hide-covered altar of Uskayaw.
  8653 | D:7      | Reached ** piety under Elyvilon
  8849 | D:7      | Found an ornate altar of the Wu Jian Council.
  8970 | D:7      | Found a broken altar of Ashenzari.
  9296 | D:7      | Reached skill level 7 in Maces & Flails
  9905 | D:8      | Reached skill level 8 in Maces & Flails
 10026 | D:8      | Reached XP level 10. HP: 53/81 MP: 12/12
 10039 | D:8      | Found an ancient bone altar of Kikubaaqudgha.
 10100 | D:5      | Killed Sigmund
 10185 | D:8      | Reached skill level 9 in Maces & Flails
 10580 | D:8      | Reached skill level 10 in Invocations
 10910 | D:8      | Reached skill level 10 in Maces & Flails
 11129 | D:8      | Found a staircase to the Lair.
 11228 | Lair:1   | Entered Level 1 of the Lair of Beasts
 11243 | Lair:1   | Reached skill level 11 in Maces & Flails
 11364 | Lair:1   | Noticed an elephant
 11373 | Lair:1   | Noticed an elephant
 11375 | Lair:1   | Noticed an elephant
 11375 | Lair:1   | Noticed an elephant
 11377 | Lair:1   | Noticed an elephant
 11385 | Lair:1   | Acquired the +2 helmet of Music {Fly rElec MP+9 Dex-2}
 11435 | Lair:1   | Killed an elephant
 11445 | Lair:1   | Killed an elephant
 11457 | Lair:1   | Killed an elephant
 11479 | Lair:1   | Killed an elephant
 11480 | Lair:1   | Reached skill level 12 in Maces & Flails
 11480 | Lair:1   | Reached XP level 11. HP: 51/88 MP: 13/13
 11569 | Lair:1   | Noticed a seven-headed hydra
 11834 | Lair:1   | Pacified a seven-headed hydra
 12134 | Lair:1   | Reached skill level 13 in Maces & Flails
 13072 | Lair:2   | Found a staircase to the Swamp.
 13484 | Lair:1   | Learned a level 4 spell: Animate Armour
 13519 | Lair:2   | Reached skill level 14 in Maces & Flails
 14004 | Lair:2   | Got Suotep's Collected Works on Beguiling and Darkness
 14239 | Lair:2   | You are sucked into a shaft and drop 1 floor!
 14247 | Lair:3   | Reached skill level 15 in Maces & Flails
 14362 | Lair:3   | Noticed Amaemon
 14519 | Lair:2   | Reached XP level 12. HP: 70/96 MP: 10/10
 14632 | Lair:2   | Reached skill level 1 in Earth Magic
 15737 | D:5      | Bought a scroll of brand weapon for 280 gold pieces
 15742 | D:5      | Bought a scroll of holy word for 105 gold pieces
 16016 | Lair:3   | Killed Amaemon
 16057 | Lair:3   | Reached skill level 5 in Armour
 16124 | Lair:3   | Found the +5 scythe "Finisher" {speed, eviscerate}
 16316 | Lair:3   | Noticed an eight-headed hydra
 16336 | Lair:3   | Killed an eight-headed hydra
 16503 | Lair:3   | Reached skill level 5 in Fighting
 16769 | Lair:4   | Noticed a six-headed hydra
 16802 | Lair:4   | Killed a six-headed hydra
 16818 | Lair:4   | Noticed a catoblepas
 16873 | Lair:4   | Reached skill level 1 in Spellcasting
 16975 | Lair:4   | Killed a catoblepas
 16992 | Lair:4   | Noticed a death yak
 17145 | Lair:4   | HP: 4/103 [wyvern (6)]
 17158 | Lair:4   | Noticed a five-headed hydra
 17435 | D:9      | HP: 2/103 [something (14)]
 18024 | D:9      | Reached skill level 5 in Spellcasting
 18033 | D:9      | Found an iron altar of Okawaru.
 18347 | D:10     | Entered Level 10 of the Dungeon
 18347 | D:10     | Reached *** piety under Elyvilon
 18469 | D:10     | Reached XP level 13. HP: 74/104 MP: 4/4
 18648 | D:10     | Found a portal to a secret trove of treasure.
 20488 | D:12     | Noticed Urug
 20527 | D:12     | Killed Urug
 20857 | D:12     | HP: 5/109 [gargoyle/+0 mace (13)]
 22002 | D:12     | HP: 4/109 [yak (2)]
 22006 | D:12     | Mangled by a yak

Illustrated notes

Levels and vault maps discovered:
D:1:      wheals_arrival_shading, layout_rooms, serial_bayou,
          serial_bayou_shore_a, serial_bayou_ford_a, serial_bayou_lagoon_a,
          serial_bayou_pond_d, kennysheep_pointless_box
D:2:      layout_basic, shapermc_ecumenical_altar_mp_vishouse,
          minmay_tromino_i4, uniq_robin
D:3:      layout_basic, uniq_terence
D:4:      layout_rooms, cheibrodos_worm_habitat, kennysheep_windowed_goal
D:5:      layout_rooms, trog_ov_bears_minmay, grunt_dithmenos_smoke_and_mirrors,
          lemuel_doored_altar, vehumet_statue, temple_fountains, serial_shops,
          nicolae_shop_crystal, nicolae_shop_unique_rings, uniq_blork_the_orc,
          uniq_menkaure, uniq_sigmund
D:6:      layout_cave_pools, uniq_prince_ribbit1
D:7:      layout_basic, lemuel_round_altar, nicolae_wu_jian_wuxing_cycle,
          evilmike_ruin_ashenzari, kennysheep_cluttered_room,
          grunt_decor_resistance, hangedman_decor_lopped
D:8:      layout_basic, kiku_gazebo_garden_becter, erik_lair_dragon
D:9:      layout_small_grid, kennysheep_okawaru_gauntlet,
          chequers_decorated_corner, dk_rats_in_the_wall
D:10:     layout_cave_pools, serial_undead, serial_undead_b, serial_undead_f,
          serial_undead_b, serial_undead_a, enter_trove_2
D:11:     layout_basic, st_stairs_6
D:12:     layout_loops_ring, minmay_orc_entry_guard_dogs, serial_shops,
          statue_bzr, minmay_misc_feat_cross, minivault_10, st_stairs_9,
          uniq_urug
Temple:   minmay_temple_forest_path
Lair:1:   layout_regular_city
Lair:2:   layout_long_grid, minmay_swamp_entry_worms
Lair:3:   layout_hall_layers, enter_volcano_3, lemuel_fruit_fields,
          grunt_megastairs_1, uniq_amaemon
Lair:4:   layout_cave_pods, nicolae_spider_entry_non_spiders,
          nicolae_lair_yak_garden

Skill      XL: |  1  2  3  4  5  6  7  8  9 10 11 12 13 |
---------------+----------------------------------------+-----
Axes           | 3 4 5 6 8 |  8.7
Maces & Flails | 1 3 5 6 8 12 15 | 15.3
Shields        | 4 5 8 |  8.3
Invocations    | 2 6 9 10 | 10.0
Evocations     | 1 6 7 |  7.7
Fighting       | 5 |  5.1
Earth Magic    | 3 |  3.1
Armour         | 6 |  6.2
Throwing       | 3 |  3.0
Spellcasting   | 5 |  5.3

Action                   |  1- 3 |  4- 6 |  7- 9 | 10-12 | 13-15 || total
-------------------------+-------+-------+-------+-------+-------++-------
Melee: War axe           |    68 |   114 |       |       |       ||   182
       Mace              |       |   120 |    87 |       |       ||   207
       Flail             |       |       |   201 |   733 |   151 ||  1085
       Broad axe         |       |       |       |       |    36 ||    36
Throw: Javelin           |       |       |       |    18 |       ||    18
       Dart              |       |       |       |    15 |       ||    15
       Boomerang         |       |       |       |    14 |     5 ||    19
Invok: Heal Other        |       |       |     2 |    33 |    17 ||    52
       Heal Self         |       |       |       |     3 |     1 ||     4
 Abil: Heal Wounds       |     2 |     4 |    12 |    49 |    19 ||    86
Evoke: Wand              |       |       |    32 |    42 |     3 ||    77
  Use: Potion            |     1 |       |     2 |     4 |     1 ||     8
       Scroll            |       |     8 |    16 |    10 |     6 ||    40
 Stab: Invisible         |       |       |       |     2 |       ||     2
       Confused          |       |       |       |     1 |       ||     1
Armor: Scale mail        |    55 |   167 |   246 |    24 |       ||   492
       Skin              |       |       |    18 |    35 |       ||    53
       Plate armour      |       |       |       |   543 |   135 ||   678
Dodge: Dodged            |    52 |   139 |   103 |   233 |    40 ||   567
Block: Buckler           |    28 |    40 |       |       |       ||    68
       Kite shield       |       |    42 |   126 |   311 |    87 ||   566

Table legend: (Time is in decaauts)
 A = Elapsed time spent in this place.
 B = Non-inter-level travel time spent in this place.
 C = Inter-level travel time spent in this place.
 D = Time resting spent in this place.
 E = Time spent auto-exploring this place.
 F = Levels seen in this place.
 G = Mean time per level.
                   A        B        C        D        E       F      G
               +--------+--------+--------+--------+--------+-----+--------+
         Total |  22154 |  20517 |   1637 |   8630 |   6968 |  17 | 1303.2 |
       Dungeon |  16211 |  15128 |   1083 |   6299 |   5365 |  12 | 1350.9 |
        Temple |    134 |     79 |     55 |      0 |     70 |   1 |  134.0 |
          Lair |   5808 |   5310 |    498 |   2330 |   1533 |   4 | 1452.0 |
               +--------+--------+--------+--------+--------+-----+--------+

Top non-repeatable levels by time:
  Lair:1: 2627 daAuts
     D:5: 2501 daAuts
     D:3: 2444 daAuts
     D:8: 2126 daAuts
  Lair:3: 1535 daAuts
    D:12: 1469 daAuts
  Lair:2: 1360 daAuts
     D:9: 1221 daAuts
     D:1: 1061 daAuts
     D:4: 1013 daAuts
     D:7: 1006 daAuts
     D:2: 978 daAuts
    D:11: 924 daAuts
     D:6: 733 daAuts
    D:10: 730 daAuts
